[Event "Titled Tuesday Blitz April 26 Late 2022"]
[White "Papp, Petra"]
[Black "Czopor, Maciej"]
[WhiteFideId "739049"]
[BlackFideId "21805431"]
[WhiteElo "2259"]
[BlackElo "1999"]
[Result "0-1"]
[Round "05"]
[TimeControl "180+1"]
[Date "2022.04.26"]
[WhiteClock "0:00:06"]
[BlackClock "0:00:04"]

1. e4 c6 2. d4 d5 3. Nd2 dxe4 4. Nxe4 Nf6 5. Nxf6+ exf6 6. c3 Bd6 7. Bd3 O-O 8. Ne2 Re8 9. O-O Nd7 10. Ng3 Nf8 11. f4 Qc7 12. f5 c5 13. Qg4 Bxg3 14. hxg3 cxd4 15. cxd4 Bd7 16. Bd2 Qd6 17. Bc3 Bc6 18. Rfe1 h6 19. a3 Nh7 20. Bb4 Qd7 21. Rac1 Ng5 22. Kh2 Qd5 23. Rxe8+ Rxe8 24. Rc2 Re3 25. Bc4 Qd7 26. d5 Ba4 27. Rc3 Re4 28. Qh5 Rd4 29. d6 Ne4 30. Rc1 Bc6 31. Bc3 Rxd6 32. Qg4 Ng5 33. Bb4 Rd4 34. Qh5 Qxf5 35. Bxf7+ Kh7 36. Be8 Qe4 37. Bxc6 bxc6 38. Rf1 Qg4 39. Qxg4 Rxg4 40. Rc1 Ne4 41. Rxc6 Nxg3 42. Rc7 Nf5 43. Kh3 Rg3+ 44. Kh2 Rg4 45. Rxa7 Ne3 46. Ra5 Rxg2+ 47. Kh3 Rxb2 48. Rc5 Rb3 49. Rc3 Rxc3 50. Bxc3 Kg6 51. a4 Nc4 52. a5 Kf5 53. a6 Nb6 54. Bd4 Na8 55. Kh4 Ke4 56. Bc5 g6 57. Kg4 f5+ 58. Kg3 g5 59. Kf2 h5 60. Be3 f4 61. Bc5 g4 62. Be7 Kd5 63. Bf6 Kc6 64. Bg5 f3 65. Kg3 Kb5 66. Be3 Kxa6 67. Kh4 Nc7 68. Kxh5 g3 69. Kg4 f2 70. Bxf2 gxf2 71. Kg3 f1=Q 0-1


[Site "https://www.chess.com"]

[Event "Titled Tuesday Blitz April 26 Late 2022"]
[White "Pasti, Aron"]
[Black "Toniutti, Ezio"]
[WhiteFideId "785857"]
[BlackFideId "113034"]
[WhiteElo "2133"]
[BlackElo "2215"]
[Result "0-1"]
[Round "05"]
[TimeControl "180+1"]
[Date "2022.04.26"]
[WhiteClock "0:00:03"]
[BlackClock "0:00:02"]

1. e4 e5 2. Nf3 Nc6 3. Bb5 a6 4. Ba4 d6 5. c3 f5 6. exf5 Bxf5 7. O-O Bd3 8. Re1 Be7 9. Na3 Nf6 10. Re3 Bg6 11. d4 e4 12. Ng5 d5 13. f3 Qd7 14. fxe4 Nxe4 15. Nxe4 Bxe4 16. Bc2 Bxc2 17. Nxc2 O-O 18. Bd2 Bh4 19. Be1 Bg5 20. Re2 Rae8 21. Bd2 Bh4 22. g3 Bf6 23. Rf2 Na5 24. b3 Nc6 25. Qf1 Nd8 26. Re1 Nf7 27. Ne3 Ng5 28. Qg2 Nh3+ 29. Kh1 Nxf2+ 30. Qxf2 Bxd4 31. Qxf8+ Rxf8 32. cxd4 c6 33. Ng2 Rf2 34. Be3 Rxa2 35. Nf4 h6 36. Bg1 Qg4 37. Re8+ Kh7 38. Re3 Qd1 39. h4 Ra1 40. Ne2 Qd2 41. g4 Rxg1+ 0-1


[Site "https://www.chess.com"]

[Event "Titled Tuesday Blitz April 26 Late 2022"]
[White "Petrova, Irina"]
[Black "Buchenau, Frank"]
[WhiteFideId "14124122"]
[BlackFideId "4604350"]
[WhiteElo "1993"]
[BlackElo "2193"]
[Result "1-0"]
[Round "05"]
[TimeControl "180+1"]
[Date "2022.04.26"]
[WhiteClock "0:00:25"]
[BlackClock "0:01:53"]

1. e4 e6 2. d4 d5 3. Nc3 Nf6 4. Bg5 dxe4 5. Nxe4 Be7 6. Bxf6 gxf6 7. g3 f5 8. Nc3 Bf6 9. Nge2 Nc6 10. d5 Ne5 11. Bg2 O-O 12. O-O c6 13. dxc6 Qe8 14. cxb7 Bxb7 15. Bxb7 Rb8 16. Bg2 Rxb2 17. Rb1 Qb8 18. Nf4 Qb4 19. Nce2 Rb8 20. Rxb2 Qxb2 21. Nh5 Be7 22. Qd4 Qxd4 23. Nxd4 Rb2 24. Rc1 Bc5 25. Nb3 Bb6 26. Nf4 Ng4 27. Nd3 Rxa2 28. h3 Nf6 29. c4 Ne4 30. c5 Bc7 31. c6 a5 32. Bxe4 fxe4 33. Ndc5 a4 34. Nd4 e3 35. fxe3 Bxg3 36. Nb5 Bf2+ 37. Kf1 Bxe3 38. c7 Bxc1 39. c8=Q+ Kg7 40. Nxe6+ fxe6 41. Qxc1 1-0


[Site "https://www.chess.com"]

[Event "Titled Tuesday Blitz April 26 Late 2022"]
[White "Piekarski, Atila Balzer"]
[Black "Kostiukov, Alexandr"]
[WhiteFideId "2119552"]
[BlackFideId "14108100"]
[WhiteElo "2050"]
[BlackElo "2202"]
[Result "0-1"]
[Round "05"]
[TimeControl "180+1"]
[Date "2022.04.26"]
[WhiteClock "0:00:56"]
[BlackClock "0:00:27"]

1. d4 g6 2. Bg5 Bg7 3. c3 h6 4. Bh4 f5 5. e3 Nf6 6. Nd2 O-O 7. f4 d6 8. Ngf3 Qe8 9. Bc4+ Kh7 10. Bxf6 Bxf6 11. Qe2 Nd7 12. O-O-O e5 13. fxe5 dxe5 14. e4 exd4 15. cxd4 c5 16. e5 Bg7 17. e6 Nb6 18. Bb5 Qe7 19. dxc5 Qxc5+ 20. Kb1 Bxe6 21. Qxe6 Qxb5 22. Nb3 Rae8 23. Qd6 Re2 24. Rd2 Nc4 25. Qxf8 Nxd2+ 26. Nfxd2 Bxf8 0-1


[Site "https://www.chess.com"]

[Event "Titled Tuesday Blitz April 26 Late 2022"]
[White "Pinheiro, Iung Alicio de O."]
[Black "Domingo Nunez, Alejandro"]
[WhiteFideId "2104350"]
[BlackFideId "22245561"]
[WhiteElo "2469"]
[BlackElo "2215"]
[Result "1/2-1/2"]
[Round "05"]
[TimeControl "180+1"]
[Date "2022.04.26"]
[WhiteClock "0:00:10"]
[BlackClock "0:00:08"]

1. c4 b6 2. Nc3 Bb7 3. e4 e6 4. Nge2 g6 5. g3 Bg7 6. Bg2 Ne7 7. O-O O-O 8. d4 d6 9. h4 Nd7 10. h5 e5 11. hxg6 fxg6 12. Bg5 Qe8 13. Nb5 Qf7 14. Nxc7 Rac8 15. Nd5 Nxd5 16. cxd5 Ba6 17. Bh3 Kh8 18. Be6 Qf3 19. Nc3 Bxf1 20. Qxf3 Rxf3 21. Bxd7 Rc7 22. Bg4 Rfxc3 23. bxc3 Ba6 24. dxe5 Bxe5 25. Bd2 Bd3 26. Bf3 Rc4 27. Re1 Kg7 28. Re3 Bb1 29. a3 Bf6 30. Bg2 Bg5 31. f4 Bf6 32. e5 dxe5 33. fxe5 Bg5 34. Re2 Bd3 35. Bxg5 Bxe2 36. e6 Bg4 37. Bf4 Kf6 38. Be3 Ke5 39. Bf4+ Kf6 40. Be3 Ke7 41. Bd4 Kd6 42. Kf2 Ra4 43. Ke3 Rxa3 44. Kf4 Bxe6 45. dxe6 Kxe6 46. Bh3+ Kd5 47. Kg5 b5 48. Bg7 a5 49. Kf6 Rxc3 50. Be6+ Kd6 51. Bf8+ Kc6 52. Bg8 Rxg3 53. Bxh7 Rf3+ 54. Kg7 g5 55. Be7 Re3 56. Bxg5 Rg3 57. Kf6 b4 58. Be4+ Kb5 59. Bf4 Rg4 60. Kf5 Rg1 61. Ke5 Re1 62. Kd4 a4 63. Bd3+ Ka5 64. Bd2 Rd1 65. Ke3 Rh1 66. Be2 Rh3+ 67. Kd4 a3 68. Kc5 a2 69. Bxb4+ Ka4 70. Bd1+ Rb3 71. Bc3 Ka3 72. Bxb3 Kxb3 73. Ba1 Kc2 74. Kb4 Kb1 75. Bd4 a1=Q 76. Bxa1 1/2-1/2


[Site "https://www.chess.com"]

[Event "Titled Tuesday Blitz April 26 Late 2022"]
[White "Potapova, Margarita"]
[Black "Zherebtsova, Alexandra"]
[WhiteFideId "14126869"]
[BlackFideId "24129518"]
[WhiteElo "2216"]
[BlackElo "2025"]
[Result "1-0"]
[Round "05"]
[TimeControl "180+1"]
[Date "2022.04.26"]
[WhiteClock "0:00:43"]
[BlackClock "0:00:02"]

1. d4 d5 2. c4 c6 3. Nf3 Nf6 4. g3 Bf5 5. Nc3 e6 6. Nh4 Bg4 7. f3 Bh5 8. Qb3 Qd7 9. g4 Bg6 10. Bd2 Be7 11. O-O-O dxc4 12. Qxc4 b5 13. Qb3 Qxd4 14. Ng2 Qb6 15. h4 h5 16. Nf4 Bh7 17. gxh5 Nbd7 18. e4 Nc5 19. Qc2 a5 20. Rg1 Rg8 21. Kb1 a4 22. Be3 Nfd7 23. h6 gxh6 24. Rxg8+ Bxg8 25. Bh3 Bh7 26. Qg2 b4 27. Nce2 b3 28. a3 Qb5 29. Qg7 Nf6 30. Qh8+ Bf8 31. Qxf6 Nxe4 32. fxe4 Bxe4+ 33. Ka1 Be7 34. Qh8+ Bf8 35. Qd4 Bd5 36. Nc3 Qb7 37. Ncxd5 cxd5 38. Nxe6 fxe6 39. Bxe6 Qe7 40. Qxd5 Rd8 41. Qc6+ 1-0


[Site "https://www.chess.com"]

[Event "Titled Tuesday Blitz April 26 Late 2022"]
[White "Pourkashiyan, Atousa"]
[Black "Ohanyan, Emin"]
[WhiteFideId "12502014"]
[BlackFideId "13312022"]
[WhiteElo "2247"]
[BlackElo "1927"]
[Result "0-1"]
[Round "05"]
[TimeControl "180+1"]
[Date "2022.04.26"]
[WhiteClock "0:01:42"]
[BlackClock "0:01:40"]

1. e4 e5 2. Nf3 Nc6 3. Bb5 f5 4. Nc3 fxe4 5. Nxe4 Nf6 6. Qe2 Qe7 7. O-O d5 8. Nxf6+ gxf6 9. d4 e4 10. Nh4 f5 11. Bxc6+ bxc6 12. Bf4 Qxh4 13. Bxc7 Bg7 14. c3 O-O 15. f3 a5 16. b3 Ba6 17. c4 Bxd4+ 18. Kh1 Bxa1 19. fxe4 fxe4 20. Rxa1 Rf2 21. Qe3 Raf8 22. h3 Rf1+ 23. Rxf1 Rxf1+ 24. Kh2 h6 25. cxd5 Qe1 26. Qxe1 Rxe1 27. d6 Bc8 28. Bxa5 Ra1 29. a4 Rb1 30. b4 e3 0-1


[Site "https://www.chess.com"]

[Event "Titled Tuesday Blitz April 26 Late 2022"]
[White "Prohorov, Olexandr"]
[Black "Martinez Reyes, Pedro Ramon"]
[WhiteFideId "14105578"]
[BlackFideId "3901807"]
[WhiteElo "1993"]
[BlackElo "2410"]
[Result "0-1"]
[Round "05"]
[TimeControl "180+1"]
[Date "2022.04.26"]
[WhiteClock "0:00:01"]
[BlackClock "0:00:18"]

1. Nf3 b5 2. g3 Bb7 3. Bg2 Nf6 4. O-O c5 5. d4 cxd4 6. Qxd4 g6 7. a4 Nc6 8. Qf4 b4 9. a5 Rc8 10. a6 Ba8 11. b3 Bg7 12. Bb2 Nd5 13. Qc1 Nc3 14. Nxc3 bxc3 15. Ba3 O-O 16. Rd1 d6 17. Qe3 Re8 18. Bc5 Qc7 19. Bd4 Nxd4 20. Nxd4 Bxg2 21. Kxg2 Rb8 22. Nf3 Rb6 23. Ra4 Qc8 24. Qd3 Qc6 25. Rc4 Qb5 26. Rc7 Qxd3 27. exd3 Rxa6 28. Re1 Ra2 29. Re2 Bf6 30. g4 g5 31. d4 Rb8 32. Rxc3 a5 33. h4 h6 34. hxg5 hxg5 35. Rc7 Rb4 36. Rd2 Kg7 37. Ra7 d5 38. c3 Rxd2 39. Nxd2 Rb5 40. Kf3 e5 41. Ke3 exd4+ 42. cxd4 Bd8 43. Kd3 Bb6 44. Rb7 Rb4 45. Rb8 Rxd4+ 0-1


[Site "https://www.chess.com"]

[Event "Titled Tuesday Blitz April 26 Late 2022"]
[White "Remolar Gallen, Jose"]
[Black "Vlassov, Nikolai"]
[WhiteFideId "2215187"]
[BlackFideId "4103360"]
[WhiteElo "2205"]
[BlackElo "2407"]
[Result "1/2-1/2"]
[Round "05"]
[TimeControl "180+1"]
[Date "2022.04.26"]
[WhiteClock "0:00:03"]
[BlackClock "0:00:05"]

1. d4 Nf6 2. Nf3 e6 3. e3 c5 4. b3 b6 5. Bd3 Bb7 6. Bb2 Be7 7. Nbd2 d6 8. O-O Nbd7 9. c4 Qc7 10. Rc1 O-O-O 11. e4 cxd4 12. Nxd4 Nc5 13. Nb5 Qb8 14. Qe2 a6 15. b4 Nxd3 16. Qxd3 axb5 17. cxb5+ Kd7 18. e5 Nd5 19. Nc4 Ke8 20. exd6 Bxd6 21. Rfe1 Kf8 22. Qh3 Nf4 23. Qg4 f6 24. Nxd6 Qxd6 25. Rcd1 Nd5 26. Rxe6 Qd7 27. Qe4 Qxb5 28. Bxf6 gxf6 29. Rxf6+ Kg7 30. Rf5 Rhe8 31. Qg4+ Kh8 32. Qd4+ Kg8 33. Rg5+ Kf7 34. Qg7+ Ke6 35. Qxb7 Ne3 36. Qe4+ Kf6 37. Qf4+ Nf5 38. Rc1 Rc8 39. Rf1 Rcd8 40. g4 Re5 41. gxf5 Rxf5 42. Rxf5+ Qxf5 43. Qh4+ Qg5+ 44. Qxg5+ Kxg5 45. Rc1 Rd2 46. a4 Rb2 47. a5 Rxb4 48. axb6 Rxb6 49. Rc5+ Kg6 50. Kg2 h5 51. h4 Rb4 52. Kg3 Rb3+ 53. f3 Rb4 54. Rg5+ Kh6 55. f4 Rb3+ 56. Kf2 Rb2+ 57. Ke3 Rh2 58. Ke4 Rxh4 59. Kf5 Rh1 60. Kf6 Ra1 61. Rg6+ Kh7 62. f5 h4 63. Kg5 h3 64. Rh6+ Kg7 65. Rxh3 Rg1+ 66. Kf4 Kf6 67. Rh6+ Kg7 68. Re6 Kf7 69. Ke5 Re1+ 70. Kd6 Rd1+ 71. Ke5 Re1+ 72. Kf4 Rf1+ 73. Kg5 Rg1+ 74. Kf4 Rf1+ 75. Ke3 Rxf5 76. Ra6 Re5+ 77. Kd4 Re6 78. Rxe6 Kxe6 1/2-1/2


[Site "https://www.chess.com"]

[Event "Titled Tuesday Blitz April 26 Late 2022"]
[White "Ricaurte Lopez, Juan Carlos"]
[Black "Kashefi, Amir Hosein"]
[WhiteFideId "3600327"]
[BlackFideId "12557935"]
[WhiteElo "2209"]
[BlackElo "2008"]
[Result "0-1"]
[Round "05"]
[TimeControl "180+1"]
[Date "2022.04.26"]
[WhiteClock "0:00:02"]
[BlackClock "0:00:07"]

1. e4 c6 2. d4 d5 3. exd5 cxd5 4. c4 Nf6 5. Nc3 e6 6. Bg5 Be7 7. Nf3 O-O 8. a3 b6 9. Rc1 Bb7 10. Bd3 dxc4 11. Bxc4 Nbd7 12. O-O Rc8 13. Ba2 Nd5 14. Bd2 Nxc3 15. Rxc3 Rxc3 16. Bxc3 Nf6 17. Ne5 Qa8 18. f3 Rd8 19. Qe2 Bd5 20. Bb1 Nd7 21. Re1 Nxe5 22. dxe5 Bc5+ 23. Kh1 Bb7 24. Bd3 g6 25. h4 Rd7 26. h5 Qd8 27. g3 Rxd3 28. Rf1 Rxc3 29. bxc3 Qg5 30. Kg2 Qxh5 31. Rd1 Qg5 32. Rd7 Bc6 33. Rxa7 Kg7 34. a4 h5 35. a5 h4 36. g4 Qxg4+ 37. Kh2 Bxf3 38. Rxf7+ Kxf7 39. Qf1 Qg3# 0-1


[Site "https://www.chess.com"]

[Event "Titled Tuesday Blitz April 26 Late 2022"]
[White "Richter, Nils"]
[Black "Mayaud, Raphael"]
[WhiteFideId "12990809"]
[BlackFideId "627151"]
[WhiteElo "2243"]
[BlackElo "2191"]
[Result "1-0"]
[Round "05"]
[TimeControl "180+1"]
[Date "2022.04.26"]
[WhiteClock "0:00:35"]
[BlackClock "0:00:12"]

1. e4 d5 2. exd5 Qxd5 3. Nc3 Qa5 4. d4 c6 5. Nf3 Nf6 6. Bc4 Bf5 7. O-O e6 8. Bd2 Qc7 9. Ne5 Nbd7 10. Bf4 Bd6 11. Re1 O-O 12. Bb3 Rad8 13. Qe2 Rfe8 14. Rad1 h6 15. g4 Bh7 16. h4 Bxe5 17. dxe5 Nd5 18. Nxd5 exd5 19. c4 Nc5 20. cxd5 Nxb3 21. d6 Qb6 22. axb3 Qxb3 23. Rc1 Qe6 24. Rc3 Qd5 25. Re3 Re6 26. Bg3 g5 27. hxg5 hxg5 28. Ra3 a6 29. Qe3 Rdxd6 30. exd6 Rxe3 31. Raxe3 Bg6 32. Re8+ Kg7 33. Be5+ f6 34. Re7+ Kh6 35. Bxf6 Qf3 36. Bg7+ Kh7 37. Be5+ Kh6 38. d7 Be4 39. Bg7+ Kg6 40. R7xe4 1-0


[Site "https://www.chess.com"]

[Event "Titled Tuesday Blitz April 26 Late 2022"]
[White "Riehle, Marco"]
[Black "Xu, Yi"]
[WhiteFideId "12904392"]
[BlackFideId "8605564"]
[WhiteElo "2462"]
[BlackElo "2471"]
[Result "0-1"]
[Round "05"]
[TimeControl "180+1"]
[Date "2022.04.26"]
[WhiteClock "0:02:26"]
[BlackClock "0:01:57"]

1. e4 c5 2. a3 e6 3. b4 cxb4 4. axb4 Bxb4 5. Bb2 Nf6 6. e5 Nd5 7. c4 Ne7 8. Qg4 Ng6 9. h4 h5 10. Qg3 Nc6 11. Bd3 Nce7 12. Nf3 b6 13. Nc3 Bb7 14. Ne4 Nf5 15. Qh3 Nf4 0-1


[Site "https://www.chess.com"]

[Event "Titled Tuesday Blitz April 26 Late 2022"]
[White "Romanchuk, Viktor"]
[Black "BM223344"]
[WhiteFideId "14109271"]
[WhiteElo "2242"]
[BlackElo "2450"]
[Result "1-0"]
[Round "05"]
[TimeControl "180+1"]
[Date "2022.04.26"]
[WhiteClock "0:00:30"]
[BlackClock "0:00:58"]

1. d4 Nf6 2. c4 g6 3. Nc3 Bg7 4. Nf3 d6 5. g3 O-O 6. Bg2 Nc6 7. O-O e5 8. dxe5 Nxe5 9. Nxe5 dxe5 10. Qxd8 Rxd8 11. Bg5 Rd7 12. Bh3 Rd6 13. Bxc8 Rxc8 14. Rfd1 h6 15. Bxf6 Bxf6 16. Rxd6 cxd6 17. Ne4 Be7 18. b3 a6 19. Rd1 Rc6 20. Rd5 f5 21. Nd2 Kf7 22. e4 Ke6 23. Kf1 Rc5 24. Rxc5 dxc5 25. Ke2 Bd8 26. Ke3 Ba5 27. Nb1 b5 28. f3 Bb4 29. Kd3 Kd6 30. h3 Be1 31. exf5 gxf5 32. g4 Ke6 33. cxb5 axb5 34. Na3 fxg4 35. hxg4 b4 36. Nc4 Kd5 37. Ne3+ Ke6 38. Nf5 Kf6 39. Ke4 Bd2 40. Nd6 Kg5 41. Nc4 Bc3 42. Nxe5 h5 43. f4+ Kh4 44. g5 Bxe5 45. Kxe5 Kg4 46. g6 h4 47. g7 h3 48. g8=Q+ Kf3 49. Qh7 1-0


[Site "https://www.chess.com"]

[Event "Titled Tuesday Blitz April 26 Late 2022"]
[White "Rosenberg, Evan S"]
[Black "Kim, Sergey"]
[WhiteFideId "2019299"]
[BlackFideId "13700570"]
[WhiteElo "2337"]
[BlackElo "2499"]
[Result "1-0"]
[Round "05"]
[TimeControl "180+1"]
[Date "2022.04.26"]
[WhiteClock "0:00:10"]
[BlackClock "0:01:02"]

1. Nf3 Nf6 2. c4 g6 3. Nc3 Bg7 4. e4 d6 5. d4 O-O 6. h3 e5 7. dxe5 dxe5 8. Qxd8 Rxd8 9. Bg5 c6 10. Nxe5 Na6 11. Nf3 Re8 12. O-O-O Nc5 13. e5 Nfd7 14. g4 Nxe5 15. Nxe5 Bxe5 16. f4 Bg7 17. Kc2 a5 18. Bg2 h5 19. f5 gxf5 20. gxh5 Be6 21. h6 Bh8 22. Rhg1 Kh7 23. b3 a4 24. Be3 axb3+ 25. axb3 Nd7 26. Bd4 Nf6 27. Bf3 Kxh6 28. Rg2 Rg8 29. Rdg1 Rxg2+ 30. Rxg2 Kh7 31. Rg5 Bg7 32. Ne2 Ra2+ 33. Kb1 Rd2 34. Bc3 Rd3 35. Bh5 Nxh5 36. Rxh5+ Kg6 37. Nf4# 1-0


[Site "https://www.chess.com"]

[Event "Titled Tuesday Blitz April 26 Late 2022"]
[White "Rozman, Levy"]
[Black "Keymer, Vincent"]
[WhiteFideId "2039877"]
[BlackFideId "12940690"]
[WhiteElo "2376"]
[BlackElo "2557"]
[Result "0-1"]
[Round "05"]
[TimeControl "180+1"]
[Date "2022.04.26"]
[WhiteClock "0:01:55"]
[BlackClock "0:02:12"]

1. d4 Nf6 2. Nc3 d5 3. Bf4 c5 4. e4 Nxe4 5. Nxe4 dxe4 6. dxc5 Qa5+ 7. Qd2 Qxd2+ 8. Kxd2 Nc6 9. f3 e5 10. Be3 Bf5 11. fxe4 O-O-O+ 12. Bd3 Bxe4 13. Nf3 Bg6 0-1


[Site "https://www.chess.com"]

[Event "Titled Tuesday Blitz April 26 Late 2022"]
[White "Salimova, Nurgyul"]
[Black "Kozak, Adam"]
[WhiteFideId "2915138"]
[BlackFideId "753246"]
[WhiteElo "2185"]
[BlackElo "2459"]
[Result "1-0"]
[Round "05"]
[TimeControl "180+1"]
[Date "2022.04.26"]
[WhiteClock "0:00:05"]
[BlackClock "0:00:13"]

1. d4 Nf6 2. Nc3 d5 3. Bf4 a6 4. e3 b5 5. Bd3 Bb7 6. Nf3 e6 7. Ne5 Nbd7 8. O-O Nxe5 9. Bxe5 c5 10. dxc5 Bxc5 11. Qf3 Bd6 12. Bxd6 Qxd6 13. Rad1 Qc7 14. Qf4 Qxf4 15. exf4 g6 16. Ne2 Ke7 17. Nd4 Rhc8 18. a3 Rc7 19. c3 Kf8 20. Rfe1 Bc8 21. g3 Bd7 22. h3 Rac8 23. g4 Re8 24. Kg2 Ng8 25. Re3 Ne7 26. Rde1 Nc6 27. Nf3 Bc8 28. f5 Rce7 29. f6 Rc7 30. h4 h6 31. h5 g5 32. Ne5 Bb7 33. Kg3 d4 34. cxd4 Nxd4 35. f4 gxf4+ 36. Kxf4 Rd8 37. g5 hxg5+ 38. Kxg5 Nc2 39. h6 Kg8 40. h7+ Kh8 41. Bxc2 Rd5 42. Bb3 Rd2 43. Rc3 Rg2+ 44. Kf4 Rf2+ 45. Kg3 Rxc3+ 46. bxc3 Rxf6 47. Rd1 Kxh7 48. Rd7 Be4 49. Rxf7+ Rxf7 50. Nxf7 Kg6 51. Nd6 Bc6 52. Bxe6 Kf6 53. Bc8 a5 54. Ba6 b4 55. cxb4 axb4 56. axb4 Ke5 57. Nc4+ Kd4 58. Na3 Kc3 59. b5 Bd5 60. b6 Kb4 61. Nc2+ Ka5 62. b7 Bxb7 63. Bxb7 Kb6 64. Be4 Kc5 65. Kf4 Kc4 66. Ne3+ Kd4 67. Nf5+ Kc5 68. Ke5 Kc4 69. Bd5+ Kc5 70. Nd4 Kb4 71. Kd6 Kc3 72. Kc5 Kd3 73. Nf5 Kc3 74. Bc4 Kb2 75. Kb4 Ka1 76. Kc3 Kb1 77. Nd4 Ka1 78. Bb3 Kb1 79. Nc2 Kc1 80. Ba2 Kd1 81. Nd4 Kc1 82. Ne2+ Kd1 83. Kd3 Ke1 84. Ke3 Kf1 85. Be6 Ke1 86. Bb3 Kf1 87. Nf4 Ke1 88. Bc2 Kf1 89. Bb3 Ke1 90. Ng2+ Kf1 91. Kf3 Kg1 92. Kg3 Kh1 93. Bc4 Kg1 94. Nf4 Kh1 95. Bb5 Kg1 96. Nh3+ Kh1 97. Bc6# 1-0


[Site "https://www.chess.com"]

[Event "Titled Tuesday Blitz April 26 Late 2022"]
[White "Sanal, Vahap"]
[Black "Sevian, Samuel"]
[WhiteFideId "6300545"]
[BlackFideId "2040506"]
[WhiteElo "2603"]
[BlackElo "2698"]
[Result "0-1"]
[Round "05"]
[TimeControl "180+1"]
[Date "2022.04.26"]
[WhiteClock "0:00:01"]
[BlackClock "0:00:33"]

1. e4 c5 2. Nc3 e6 3. g3 a6 4. Bg2 b5 5. d3 Bb7 6. Nh3 g6 7. Be3 d6 8. d4 cxd4 9. Qxd4 Nf6 10. O-O-O Nc6 11. Qd2 Ne5 12. Qe2 Rc8 13. Bd4 Qa5 14. f4 b4 15. Nb1 Ned7 16. g4 e5 17. g5 Nh5 18. fxe5 dxe5 19. Be3 Nc5 20. Qg4 Qxa2 21. Bxc5 Bxc5 22. Qd7+ Kf8 23. Rd3 Qe6 24. Qxb7 Kg7 25. Rf1 Rhd8 26. Rdf3 Nf4 27. Nxf4 exf4 28. b3 Be3+ 29. Kb2 Qe5+ 30. c3 bxc3+ 31. Kc2 Rc7 32. Qxa6 Rd2+ 33. Nxd2 cxd2+ 34. Kd1 Rc1+ 35. Ke2 d1=Q+ 36. Rxd1 Qb2+ 37. Kd3 Qd4+ 0-1


[Site "https://www.chess.com"]

[Event "Titled Tuesday Blitz April 26 Late 2022"]
[White "Sanchez Alvares, Kelvin Antonio"]
[Black "volunteers1998"]
[WhiteFideId "3906680"]
[WhiteElo "2193"]
[BlackElo "2284"]
[Result "1-0"]
[Round "05"]
[TimeControl "180+1"]
[Date "2022.04.26"]
[WhiteClock "0:00:10"]
[BlackClock "0:00:02"]

1. Nf3 f5 2. b3 Nf6 3. Bb2 e6 4. d3 Be7 5. Nbd2 O-O 6. g3 d6 7. Bg2 e5 8. e4 Nc6 9. a3 Bd7 10. Qe2 Qe8 11. h3 Qh5 12. exf5 Qxf5 13. O-O-O a6 14. Nh4 Qe6 15. g4 Rab8 16. Nf5 b5 17. d4 Rfe8 18. Rhe1 Bf8 19. Nf3 exd4 20. Qxe6+ Rxe6 21. N3xd4 Nxd4 22. Nxd4 Rxe1 23. Rxe1 Re8 24. Rxe8 Bxe8 25. Ne6 c6 26. Nc7 Bd7 27. Nxa6 d5 28. b4 Kf7 29. Bd4 Bd6 30. Nc5 Bc8 31. Nd3 g6 32. f4 h6 33. Be5 Ke7 34. Bxd6+ Kxd6 35. Kd2 Ne4+ 36. Bxe4 dxe4 37. Ne5 g5 38. Ke3 gxf4+ 39. Kxf4 e3 40. Nd3 e2 41. Ke3 Be6 42. Kxe2 Bc4 43. Ke3 Ke6 44. Nf4+ Ke5 45. Nd3+ Ke6 46. Nc5+ Ke5 47. c3 Bf1 48. h4 Bh3 49. Nd3+ Kf6 50. Nf2 Bf1 51. Kf4 Bc4 52. g5+ hxg5+ 53. hxg5+ Kg6 54. Ng4 Bg8 55. Ne5+ Kg7 56. Nxc6 Bc4 57. Ne5 Bb3 58. Ke3 Bd1 59. Kd4 Bc2 60. Kc5 Ba4 61. c4 bxc4 62. Kxc4 Kf8 63. Kc5 Ke7 64. b5 Bc2 65. b6 Kd8 66. g6 Kc8 67. g7 Bh7 68. Nc6 Kb7 69. Ne7 Bg8 70. Nxg8 1-0


[Site "https://www.chess.com"]

[Event "Titled Tuesday Blitz April 26 Late 2022"]
[White "Sernecki, Franciszek"]
[Black "Suleymanli, Aydin"]
[WhiteFideId "1169297"]
[BlackFideId "13413937"]
[WhiteElo "2165"]
[BlackElo "2481"]
[Result "0-1"]
[Round "05"]
[TimeControl "180+1"]
[Date "2022.04.26"]
[WhiteClock "0:00:08"]
[BlackClock "0:00:48"]

1. d4 Nf6 2. c4 b6 3. Nf3 Bb7 4. g3 g6 5. Bg2 Bg7 6. O-O O-O 7. Nc3 Ne4 8. Nxe4 Bxe4 9. Re1 Nc6 10. e3 d5 11. b3 e5 12. Bb2 exd4 13. Nxd4 Nb4 14. f3 Nd3 15. fxe4 Nxb2 16. Qc2 dxc4 17. Qxb2 c5 18. e5 Bxe5 19. Bxa8 Qxa8 20. Qg2 cxd4 21. Qxa8 Rxa8 22. bxc4 dxe3 23. Rad1 Re8 24. Kg2 Bc3 25. Re2 Re6 26. Rd7 a5 27. Rd3 Bd2 28. Rd5 Rc6 29. c5 bxc5 0-1


[Site "https://www.chess.com"]

[Event "Titled Tuesday Blitz April 26 Late 2022"]
[White "Shuvalova, Polina"]
[Black "Jarocka, Liwia"]
[WhiteFideId "24171760"]
[BlackFideId "21807558"]
[WhiteElo "2355"]
[BlackElo "1896"]
[Result "1-0"]
[Round "05"]
[TimeControl "180+1"]
[Date "2022.04.26"]
[WhiteClock "0:00:43"]
[BlackClock "0:00:24"]

1. d4 d5 2. Nf3 Nf6 3. Bf4 e6 4. e3 Bd6 5. Bxd6 Qxd6 6. c4 O-O 7. Nc3 c5 8. dxc5 Qxc5 9. cxd5 exd5 10. Be2 Nc6 11. h3 Be6 12. O-O Rfd8 13. Nb5 Qb6 14. b3 Ne4 15. Rc1 Rac8 16. Nbd4 Nxd4 17. Qxd4 Nc3 18. Bd3 Qxd4 19. Nxd4 a6 20. Rc2 b5 21. a3 Rc7 22. Rfc1 Rdc8 23. Kh2 g6 24. g4 Bd7 25. b4 Kf8 26. Nb3 Ke7 27. Nc5 Na4 28. Nxa6 Rxc2 29. Rxc2 Rxc2 30. Bxc2 Kd6 31. Bd3 Be8 32. g5 Kc6 33. Bxb5+ Kxb5 34. Nc7+ Kc4 35. Nxe8 Nc3 36. Nf6 Ne4 37. Nxe4 dxe4 38. Kg3 1-0


[Site "https://www.chess.com"]

[Event "Titled Tuesday Blitz April 26 Late 2022"]
[White "Sjugirov, Sanan"]
[Black "Szpar, Milosz"]
[WhiteFideId "4189302"]
[BlackFideId "1184989"]
[WhiteElo "2602"]
[BlackElo "2447"]
[Result "1/2-1/2"]
[Round "05"]
[TimeControl "180+1"]
[Date "2022.04.26"]
[WhiteClock "0:00:04"]
[BlackClock "0:00:05"]

1. e4 c5 2. Nf3 d6 3. Bb5+ Bd7 4. Bxd7+ Nxd7 5. c3 Ngf6 6. Qe2 Rc8 7. O-O e6 8. d4 cxd4 9. cxd4 d5 10. e5 Ng8 11. Nc3 a6 12. Be3 Ne7 13. Ne1 g6 14. Nd3 h5 15. Rac1 Nf5 16. Na4 Be7 17. Rxc8 Qxc8 18. Rc1 Qb8 19. Qc2 Bd8 20. Qc8 Qxc8 21. Rxc8 O-O 22. Nac5 Nb6 23. Rb8 Nxe3 24. fxe3 Bg5 25. Rxb7 Nc4 26. b3 Bxe3+ 27. Kf1 Na3 28. Ra7 Bxd4 29. Rxa6 Nc2 30. a3 Rc8 31. b4 Ne3+ 32. Kf2 Nc4+ 33. Ke2 Nxe5 34. Nxe5 Bxe5 35. h3 Bd4 36. Nb3 Bb2 37. Nc5 Bd4 38. Nd7 e5 39. Nf6+ Kg7 40. Nxd5 Rc2+ 41. Kd3 Rxg2 42. b5 Rg3+ 43. Kc4 Rxh3 44. b6 Bxb6 45. Nxb6 h4 46. Nd5 Rg3 47. Rb6 Rxa3 48. Rb1 Rg3 49. Rh1 h3 50. Nc3 f5 51. Ne2 Rg2 52. Kd3 h2 53. Ke3 e4 54. Nf4 Rg3+ 55. Kd4 Rf3 56. Ke5 g5 57. Ne6+ Kg6 58. Rxh2 e3 59. Nd4 Rf2 60. Rh1 f4 61. Ke4 e2 62. Re1 g4 63. Nxe2 Kg5 64. Nd4 g3 65. Ra1 g2 66. Nf3+ Kg4 67. Ng1 Kg3 68. Ra3+ f3 69. Nxf3 Rxf3 70. Rxf3+ Kh2 71. Rf2 Kh1 72. Rxg2 Kxg2 1/2-1/2


[Site "https://www.chess.com"]

[Event "Titled Tuesday Blitz April 26 Late 2022"]
[White "Skawinski, Arkadiusz"]
[Black "Le Goff, Ronan"]
[WhiteFideId "1126415"]
[BlackFideId "612073"]
[WhiteElo "2222"]
[BlackElo "2276"]
[Result "0-1"]
[Round "05"]
[TimeControl "180+1"]
[Date "2022.04.26"]
[WhiteClock "0:00:14"]
[BlackClock "0:00:08"]

1. e4 e5 2. Nf3 Nc6 3. Bb5 a6 4. Ba4 Nf6 5. O-O b5 6. Bb3 Be7 7. d3 O-O 8. Nc3 d6 9. a3 Be6 10. Nd5 Bxd5 11. exd5 Nb8 12. a4 Nbd7 13. d4 e4 14. Nd2 Re8 15. Re1 Bf8 16. c3 Nb6 17. Bc2 bxa4 18. Nxe4 Nfxd5 19. Bg5 Qd7 20. Qd3 f5 21. Ng3 g6 22. Bd2 Rxe1+ 23. Rxe1 Re8 24. c4 Rxe1+ 25. Bxe1 Qe8 26. Ba5 Nf6 27. h3 Bg7 28. Kf1 Qc6 29. Bxb6 Qxb6 30. Qc3 c5 31. dxc5 dxc5 32. Bxa4 Ne4 33. Qd3 Nxg3+ 34. fxg3 Bd4 35. b3 Qe6 36. Qf3 Kg7 37. Bc6 Qe5 38. Bd5 a5 39. g4 fxg4 40. Qf7+ Kh6 41. Qf8+ Kg5 42. h4+ Kxh4 43. Qh6+ Kg3 44. Qxh7 Qf5+ 45. Ke2 Qc2+ 46. Ke1 Bc3+ 47. Kf1 Qd1# 0-1


[Site "https://www.chess.com"]